 Dungeon Crawl Stone Soup version 0.22-a0-392-g5dc3fd9 (webtiles) character file.

83848 iamserjio the Eclecticist (level 15, -35/90 HPs)
             Began as a Deep Elf Fire Elementalist on May 2, 2018.
             Was a Priest of Vehumet.
             Collided with a rock wall (40 damage)
             ... caused by Bai Suzhen
             ... on level 1 of the Depths.
             The game lasted 02:47:25 (34163 turns).

iamserjio the Eclecticist (DEFE)                   Turns: 34163, Time: 02:47:26

Health: -35/90     AC: 10    Str:  5    XL:     15   Next: 33%
Magic:  0/37       EV: 21    Int: 27    God:    Vehumet [***...]
Gold:   832        SH:  5    Dex: 15    Spells: 4/46 levels left

rFire    . . .     SeeInvis .   w - staff of fire
rCold    + . .     Gourm    .   K - +0 buckler
rNeg     + + .     Faith    .   W - +0 leather armour of the Morning Star {rN++}
rPois    .         Spirit   +   H - +0 helmet
rElec    .         Reflect  .   n - +1 cloak
rCorr    .         Harm     .   s - +2 pair of gloves of the Lich-sworn {MR+ Stlth+}
MR       ++...                  Q - +0 pair of boots
Stlth    +++.......             e - amulet of guardian spirit
HPRegen  0.25/turn              J - ring of ice
MPRegen  0.25/turn              t - +5 ring of evasion

@: no status effects
A: no striking features
a: Renounce Religion


You were on level 1 of the Depths.
You worshipped Vehumet.
Vehumet was most pleased with you.
You were not hungry.

You visited 3 branches of the dungeon, and saw 18 of its levels.
You also visited: Labyrinth.

You collected 1084 gold pieces.
You spent 252 gold pieces at shops.

Inventory:

Hand Weapons
 l - a +0 trident of venom
 y - a +4 whip of electrocution
Armour
 j - a +0 robe
 n - a +1 cloak (worn)
 s - the +2 pair of gloves of the Lich-sworn (worn) {MR+ Stlth+}
   (You found it on level 4 of the Dungeon)

   It affects your resistance to hostile enchantments.
   It makes you more stealthy.
 F - a +4 ring mail of poison resistance
 H - a +0 helmet (worn)
 K - a +0 buckler (worn)
 P - a +1 leather armour of fire resistance
 Q - a +0 pair of boots (worn)
 W - the +0 leather armour of the Morning Star (worn) {rN++}
   (You found it on level 14 of the Dungeon)

   It greatly protects you from negative energy.
Magical Staves
 w - an uncursed staff of fire (weapon)
 A - an uncursed staff of wizardry
Jewellery
 e - an amulet of guardian spirit (around neck)
 q - an uncursed amulet of magic regeneration {unknown}
 r - a +5 ring of evasion
 t - a +5 ring of evasion (right hand)
 D - a +5 ring of dexterity
 J - a ring of ice (left hand)
Wands
 I - a wand of random effects (16)
 O - a wand of digging (7)
 S - a wand of paralysis (12)
Scrolls
 a - a scroll of brand weapon {unknown}
 d - 2 scrolls of remove curse
 h - 3 scrolls of amnesia
 i - a scroll of fear
 B - a scroll of acquirement
 C - 5 scrolls of immolation
 E - a scroll of fog
 L - 2 scrolls of random uselessness {unknown}
 T - a scroll of teleportation
 V - 2 scrolls of magic mapping
Potions
 f - a potion of cancellation {unknown}
 g - a potion of degeneration {unknown}
 k - 2 potions of invisibility
 m - a potion of ambrosia {unknown}
 o - a potion of resistance {unknown}
 p - 5 potions of mutation
 u - 2 potions of agility {unknown}
 v - 5 potions of curing
 x - a potion of berserk rage {unknown}
 G - 3 potions of lignification
Miscellaneous
 b - a fan of gales
 R - a lamp of fire (inert)
Comestibles
 c - 17 rations


   Skills:
 + Level 9.2 Fighting
 - Level 8.0 Dodging
 - Level 2.4 Stealth
 - Level 4.0 Shields
 + Level 16.0 Spellcasting
 + Level 13.7 Conjurations
 * Level 8.7 Transmutations
 + Level 14.7 Fire Magic
 + Level 4.7 Earth Magic


You had 4 spell levels left.
You knew the following spells:

 Your Spells              Type           Power        Failure   Level  Hunger
a - Flame Tongue          Conj/Fire      #####        0%          1    None
b - Conjure Flame         Conj/Fire      #######.     1%          3    None
c - Sticky Flame          Conj/Fire      #######.     1%          4    None
d - Fireball              Conj/Fire      #######...   1%          5    None
e - Blink                 Tloc           N/A          6%          2    None
f - Mephitic Cloud        Conj/Pois/Air  #####...     1%          3    None
g - Sting                 Conj/Pois      ####         1%          1    None
h - Throw Frost           Conj/Ice       ######       1%          2    None
i - Iskenderun's Mystic   Conj           #######.     1%          4    None
j - Borgnjor's Vile Clut  Necr/Erth      ####......   38%         5    None
k - Bolt of Cold          Conj/Ice       ######....   10%         6    ###....
l - Statue Form           Tmut/Erth      ######...    36%         6    ###....


Dungeon Overview and Level Annotations

Branches:
Dungeon (15/15)            Temple (1/1) D:4            Lair (0/6) D:9
    Orc (0/2) D:9          Vaults (0/5) D:13         Depths (2/5) D:15

Altars:
Ashenzari
Cheibriados
Dithmenos
Elyvilon
Fedhas
Gozag
Hepliaklqana
Kikubaaqudgha
Makhleb
Nemelex Xobeh
Okawaru
Qazlal
Ru
Sif Muna
Trog
Uskayaw
Vehumet
Wu Jian
Xom
Yredelemnul
Zin
The Shining One
Jiyva

Shops:
D:7 :[   D:9 **   D:12 *   D:15 [

Portals:
Hell: Depths:1

Annotations:
D:5 Dargar's ghost, novice DsGl
Depths:1 Bai Suzhen


Message History

Aim: Bai Suzhen (severely wounded, covered in liquid flames, chance to defeat MR: 1%)
Okay, then.
Bai Suzhen burns!
Lightning arcs down from a storm cloud!
Casting: Fireball (safe; 1% risk of failure)
Confirm with . or Enter, or press ? or * to list all spells.
Aiming: Fireball (safe; 1% risk of failure)
Press: ? - help, Shift-Dir - straight line, f/p - Bai Suzhen
Aim: Bai Suzhen (thunder, severely wounded, covered in liquid flames)
You feel a surge of power!
The fireball explodes!
The fireball engulfs Bai Suzhen.
Bai Suzhen is severely wounded.
Bai Suzhen burns!
Bai Suzhen burns!
Bai Suzhen breathes water at you. The torrent of water hits you!
Ouch! That really hurt!
* * * LOW HITPOINT WARNING * * *
You are knocked back by the torrent of water.
You slam into the rock wall!
You die...

.)#...........##.....##.......#..
..#..........[d))....#........#'#
..#...........###'#.##........#.#
..#...........##..###.).......###
..#...........##...§.§...........
..#.....♣..[.d#...§§.§...........
###..........[##..§D§............
.'#...........##..§§§.###........
.##.........(.##@###..#.......###
.##...........#...............#
#.'...........#...............#
#.#...........#...............#
#.##########'##...............#
#.. #...'.d..(................#
#####'#####............8......#
....)[[...#.(.................#
#####.....#...................#


You could see Bai Suzhen (burning).

Vanquished Creatures
  Saint Roka (D:15)
  A lich (Depths:1)
  Frances (D:13)
  Roxanne (D:14)
  A sphinx (Depths:1)
  2 frost giants
  2 stone giants
  19 slime creatures
  A vampire knight (Depths:2)
  A minotaur (Lab)
  A dire elephant (D:15)
  An ettin (Depths:1)
  Josephine (D:10)
  A yaktaur captain (Depths:1)
  Erolcha (D:9)
  A fire dragon (D:15)
  3 ogre magi
  A hydra (D:14)
  2 centaur warriors
  11 two-headed ogres
  A deep troll earth mage (Depths:2)
  3 deep troll shamans (Depths:1)
  7 hell knights (Depths:1)
  5 skeletal warriors (D:13)
  The ghost of Totori the Grappler, a novice DrMo of Ru (D:7)
  An iron troll (D:15)
  6 deep trolls
  4 unseen horrors
  4 wizards
  A deep elf mage (D:15)
  12 ugly things
  A necromancer (Depths:1)
  3 cyclopes
  2 salamanders
  Pikel (D:5)
  2 manticores
  Joseph (D:7)
  2 black mambas (D:14)
  Psyche (D:8)
  A guardian serpent (shapeshifter) (Depths:1)
  5 gargoyles
  2 yaktaurs (D:13)
  2 demonic crawlers (D:14)
  2 kobold demonologists
  A freezing wraith (D:15)
  The ghost of VDreamerV the Changer, a novice OpTm of Cheibriados (D:6)
  10 trolls
  2 hornets
  A snapping turtle (shapeshifter) (D:15)
  3 hippogriffs
  Sigmund (D:2)
  A vampire (D:14)
  2 shadows
  7 wraiths
  A human (D:9)
  10 yaks
  A fire bat (D:14)
  A hungry ghost (D:11)
  11 vampire mosquitoes
  A hell hound (D:9)
  An acid dragon (D:13)
  Duvessa (D:7)
  4 water moccasins (D:14)
  9 orc warriors
  A slave (D:5)
  3 ice beasts
  4 phantoms
  2 sky beasts
  A necrophage (D:9)
  12 ogres
  6 centaurs
  2 crocodiles
  2 big kobolds
  9 bullfrogs
  A wyvern zombie (D:13)
  Dowan (D:7)
  8 scorpions
  13 wights
  3 killer bees (D:10)
  3 vampire bats (D:14)
  8 crimson imps
  A bullfrog zombie (D:13)
  3 quasits
  9 orc priests
  2 centaur zombies
  5 hounds
  9 jellies
  8 orc wizards
  Crazy Yiuf (D:2)
  2 centaur skeletons
  3 bullfrog skeletons
  Ijyb (D:5)
  12 worker ants
  3 iguanas
  A hound skeleton (D:10)
  A gnoll (D:1)
  20 adders
  2 shadow imps
  8 oozes
  3 adder skeletons
  3 worms
  6 leopard geckos
  39 orcs
  8 giant cockroaches
  10 goblins
  2 hobgoblins (D:1)
  21 jackals
  3 quokkas
  5 ball pythons
  12 bats
  6 frilled lizards
  A jackal skeleton (D:7)
  A jackal zombie (D:6)
  13 kobolds
  A leopard gecko skeleton (D:4)
  10 rats
506 creatures vanquished.

Vanquished Creatures (others)
  3 slaves (D:5)
  A quokka (D:7)
4 creatures vanquished.

Grand Total: 510 creatures vanquished

Notes
Turn   | Place    | Note
-------+----------+-------------------------------------------
     0 | D:1      | iamserjio the Deep Elf Fire Elementalist began the quest for the Orb.
     0 | D:1      | Reached XP level 1. HP: 10/10 MP: 6/6
   283 | D:1      | Reached XP level 2. HP: 15/15 MP: 4/8
   650 | D:1      | Reached XP level 3. HP: 19/19 MP: 8/10
   911 | D:1      | Learned a level 3 spell: Conjure Flame
  1097 | D:2      | Found an iron altar of Okawaru.
  1175 | D:2      | Reached skill level 4 in Spellcasting
  1379 | D:2      | Reached XP level 4. HP: 24/24 MP: 6/12
  1498 | D:2      | Found a blossoming altar of Fedhas.
  1501 | D:2      | Noticed Sigmund
  1603 | D:1      | Learned a level 4 spell: Sticky Flame
  1778 | D:2      | Killed Sigmund
  1778 | D:2      | Reached skill level 5 in Spellcasting
  1778 | D:2      | Reached XP level 5. HP: 24/28 MP: 4/14
  1914 | D:2      | Found a runed door.
  2008 | D:2      | Reached skill level 5 in Fire Magic
  2353 | D:2      | Noticed Crazy Yiuf
  2356 | D:2      | Killed Crazy Yiuf
  2356 | D:2      | Reached XP level 6. HP: 32/32 MP: 10/16
  2461 | D:2      | Learned a level 5 spell: Fireball
  2895 | D:3      | Found a sparkling altar of Nemelex Xobeh.
  3202 | D:4      | Got a pair of slimy gloves
  3283 | D:4      | Found a staircase to the Ecumenical Temple.
  3300 | Temple   | Entered the Ecumenical Temple
  4108 | D:4      | Found a glowing golden altar of the Shining One.
  4267 | D:5      | Entered Level 5 of the Dungeon
  4407 | D:5      | Noticed Ijyb
  4413 | D:5      | Killed Ijyb
  4413 | D:5      | Reached skill level 6 in Spellcasting
  4414 | D:5      | Noticed a slave
  4426 | D:5      | Killed a slave
  4468 | D:5      | Noticed Pikel
  4480 | D:5      | Noticed a slave
  4482 | D:5      | Noticed a slave
  4482 | D:5      | Noticed a slave
  4485 | D:5      | Killed Pikel
  4485 | D:5      | Reached skill level 7 in Spellcasting
  4485 | D:5      | Reached skill level 5 in Conjurations
  4485 | D:5      | Reached XP level 7. HP: 36/36 MP: 13/19
  4614 | D:5      | Noticed Dargar's ghost (novice DsGl)
  4790 | D:4      | Identified the +2 pair of gloves of the Lich-sworn {MR+ Stlth+} (You found it on level 4 of the Dungeon)
  6486 | D:6      | Noticed VDreamerV's ghost (novice OpTm)
  6726 | D:6      | Reached XP level 8. HP: 27/41 MP: 7/21
  6991 | D:6      | Reached skill level 8 in Spellcasting
  6999 | D:6      | Killed VDreamerV's ghost
  7272 | D:6      | Found a glowing silver altar of Zin.
  7273 | D:6      | Noticed an angel
  7531 | D:6      | Reached skill level 9 in Spellcasting
  7713 | D:6      | Found an ancient bone altar of Kikubaaqudgha.
  7855 | D:7      | Reached XP level 9. HP: 45/45 MP: 20/24
  7867 | D:7      | Found a white marble altar of Elyvilon.
  7871 | D:7      | Noticed Joseph
  7997 | D:7      | Noticed Duvessa
  7999 | D:7      | Noticed Dowan
  8003 | D:7      | Killed Dowan
  8005 | D:7      | Killed Duvessa
  8249 | D:7      | Killed Joseph
  8249 | D:7      | Reached skill level 10 in Spellcasting
  8543 | D:7      | Found Oblouklegi's Book Emporium.
  8555 | D:7      | Noticed Totori's ghost (novice DrMo)
  8574 | D:7      | Killed Totori's ghost
  8780 | D:7      | Found Buaj's Armour Emporium.
  9076 | D:7      | Reached skill level 11 in Spellcasting
  9263 | D:7      | Noticed a troll
  9266 | D:7      | Killed a troll
  9266 | D:7      | Reached XP level 10. HP: 50/50 MP: 11/27
  9418 | D:8      | Noticed Psyche
  9421 | D:8      | Killed Psyche
  9600 | D:8      | Found a shattered altar of Ashenzari.
  9609 | D:8      | Found an iron altar of Okawaru.
  9676 | D:8      | Found a basalt altar of Yredelemnul.
  9865 | D:8      | Found a radiant altar of Vehumet.
  9880 | D:8      | Became a worshipper of Vehumet
 10049 | D:8      | Reached skill level 10 in Fire Magic
 10153 | D:8      | Found a deep blue altar of Sif Muna.
 10392 | D:8      | Learned a level 2 spell: Blink
 10396 | D:8      | Learned a level 3 spell: Mephitic Cloud
 10485 | D:7      | Bought a +0 helmet for 49 gold pieces
 10485 | D:7      | Bought a +0 buckler for 49 gold pieces
 10674 | D:9      | Reached skill level 1 in Shields
 11070 | D:9      | Found a staircase to the Orcish Mines.
 11154 | D:9      | Reached * piety under Vehumet
 11154 | D:9      | Offered knowledge of Sting by Vehumet.
 11298 | D:9      | Reached skill level 10 in Conjurations
 11367 | D:9      | Noticed Erolcha
 11372 | D:9      | Killed Erolcha
 11372 | D:9      | Reached skill level 12 in Spellcasting
 11683 | D:9      | Found a shadowy altar of Dithmenos.
 11748 | D:9      | Found a sparkling altar of Nemelex Xobeh.
 11849 | D:9      | Learned a level 1 spell: Sting
 11869 | D:9      | Found Bucuefopp's Assorted Antiques.
 11930 | D:9      | Found a staircase to the Lair.
 11999 | D:9      | Found Nopp's Changing Room.
 12212 | D:9      | Found a radiant altar of Vehumet.
 12220 | D:9      | Reached XP level 11. HP: 54/54 MP: 21/29
 12223 | D:9      | Noticed a dagger
 12224 | D:9      | Noticed a dagger
 12258 | D:9      | Found a hide-covered altar of Uskayaw.
 12452 | D:10     | Entered Level 10 of the Dungeon
 12453 | D:10     | Noticed Josephine
 12705 | D:10     | Offered knowledge of Throw Frost by Vehumet.
 12705 | D:10     | Reached skill level 1 in Fighting
 12708 | D:10     | Killed Josephine
 12708 | D:10     | Reached ** piety under Vehumet
 12907 | D:10     | Found a burning altar of Makhleb.
 12934 | D:10     | Found a stormy altar of Qazlal.
 13975 | D:11     | Noticed a brown ugly thing
 13982 | D:11     | Killed a brown ugly thing
 14889 | D:11     | Identified a scroll of acquirement
 15191 | D:11     | Learned a level 2 spell: Throw Frost
 15192 | D:12     | Noticed a brown ugly thing
 15195 | D:12     | Killed a brown ugly thing
 15195 | D:12     | Reached skill level 13 in Spellcasting
 15216 | D:12     | Offered knowledge of Static Discharge by Vehumet.
 15250 | D:12     | Found a labyrinth entrance.
 15259 | Lab      | Entered a labyrinth
 15507 | Lab      | Noticed a minotaur
 15523 | Lab      | Killed a minotaur
 15683 | D:12     | Found Optoum's General Store.
 15757 | D:12     | Bought a scroll of teleportation for 42 gold pieces
 15757 | D:12     | Bought a potion of heal wounds for 70 gold pieces
 15757 | D:12     | Bought a scroll of teleportation for 42 gold pieces
 15760 | D:12     | Noticed a two-headed ogre
 15766 | D:12     | Killed a two-headed ogre
 16096 | D:12     | Reached XP level 12. HP: 68/68 MP: 20/31
 16202 | D:12     | Reached skill level 5 in Fighting
 16701 | D:13     | Noticed a centaur warrior
 16707 | D:13     | Killed a centaur warrior
 16908 | D:13     | Reached *** piety under Vehumet
 17601 | D:13     | Noticed Frances
 17644 | D:14     | Reached skill level 14 in Spellcasting
 17684 | D:15     | Entered Level 15 of the Dungeon
 17710 | D:15     | Noticed a six-headed hydra
 17735 | D:14     | Got a spiked leather armour
 17806 | D:14     | Noticed a two-headed ogre
 17808 | D:14     | Reached skill level 5 in Dodging
 17812 | D:14     | Killed a two-headed ogre
 17828 | D:14     | Offered knowledge of Iskenderun's Mystic Blast by Vehumet.
 17853 | D:14     | Learned a level 4 spell: Iskenderun's Mystic Blast
 18106 | D:14     | Noticed Roxanne
 18114 | D:14     | Noticed a two-headed ogre
 18123 | D:14     | Killed a two-headed ogre
 18572 | D:14     | Reached XP level 13. HP: 76/76 MP: 3/33
 18955 | D:14     | Reached **** piety under Vehumet
 18967 | D:14     | Offered knowledge of Ignite Poison by Vehumet.
 19065 | D:14     | Learned a level 3 spell: Ignite Poison
 19702 | D:14     | Reached skill level 1 in Transmutations
 19924 | D:14     | Identified the cursed +0 leather armour of the Morning Star {rN++} (You found it on level 14 of the Dungeon)
 20592 | D:15     | Paralysed by a wizard for 2 turns
 20595 | D:15     | Paralysed by a wizard for 7 turns
 21440 | D:15     | Found Wonubic's Antique Armour Shop.
 21441 | D:15     | Noticed a fire dragon
 21683 | D:15     | Noticed a dire elephant
 21695 | D:15     | Killed a dire elephant
 21859 | D:15     | Found a staircase to the Depths.
 22699 | D:15     | Reached skill level 15 in Spellcasting
 23644 | D:13     | Found a viscous altar of Jiyva.
 23746 | D:13     | Reached ***** piety under Vehumet
 23766 | D:13     | Offered knowledge of Bolt of Cold by Vehumet.
 23767 | D:13     | Reached XP level 14. HP: 84/84 MP: 17/35
 24303 | D:13     | Killed Frances
 24474 | D:13     | Found a gate to the Vaults.
 26071 | D:14     | Killed Roxanne
 26078 | D:14     | Identified Roxanne's Guide on Stones (You took it off Roxanne on level 14 of the Dungeon)
 26206 | D:14     | Learned a level 6 spell: Bolt of Cold
 26425 | D:15     | Learned a level 6 spell: Statue Form
 26546 | Depths:1 | Entered Level 1 of the Depths
 26621 | Depths:1 | Noticed a stone giant
 26627 | Depths:1 | Killed a stone giant
 26653 | Depths:1 | Reached skill level 5 in Transmutations
 26799 | Depths:1 | Reached skill level 1 in Earth Magic
 27642 | D:15     | Learned a level 5 spell: Borgnjor's Vile Clutch
 27948 | Depths:1 | Noticed Saint Roka
 29936 | Depths:1 | Noticed a lich
 29949 | Depths:1 | Noticed a cacodemon
 30209 | Depths:1 | Found a gateway to Hell.
 30219 | Depths:1 | Killed a lich
 30350 | Depths:1 | Noticed Bai Suzhen
 31047 | Depths:2 | Noticed a sphinx
 31053 | Depths:1 | Killed a sphinx
 31269 | Depths:2 | Noticed a frost giant
 31276 | Depths:2 | Killed a frost giant
 31433 | Depths:2 | Noticed a frost giant
 31662 | Depths:1 | Reached XP level 15. HP: 63/90 MP: 12/36
 32274 | Depths:1 | Killed a frost giant
 32931 | Depths:2 | Noticed a titan
 33854 | D:15     | Killed Saint Roka
 33854 | D:15     | Reached skill level 16 in Spellcasting
 34163 | Depths:1 | Collided with a rock wall

Vault maps used:
D:1:      mrwooster_arrival_statue_2
D:2:      okawaru_metal_pillars_1_2, fedhas_altar_1, uniq_crazy_yiuf_cottage,
          uniq_sigmund
D:3:      first_ration, nemelex_diamond_rough_becter
D:4:      minmay_temple_entry_nine_rooms, tso_altar
D:5:      serial_bayou_crossing, uniq_pikel, uniq_ijyb
D:6:      old_standard_altar, zin_angel
D:7:      elyvilon_altar_4, serial_shops, nicolae_shop_trees,
          nicolae_shop_crystal, grunt_ogre_cave, uniq_duvessa, uniq_joseph
D:8:      kennysheep_mini_moat, vehumet_crystals, tgw_sif, marbit_many_paths,
          basic_altar, uniq_psyche
D:9:      dancing_weapons_uskayaw, kennysheep_little_box, lemuel_crystal_altar,
          minmay_lair_entry_lava, erik_orc_4, serial_shops, shop, basic_altar,
          nicolae_transmutations_shop, uniq_erolcha
D:10:     basic_altar, nicolae_qazlal_general_emergency, uniq_josephine
D:11:     minmay_misc_feat_tower
D:12:     lab_entry_generic, serial_shops, shop, patterned_corridor
D:13:     david_vaults_2, jiyva_altar_1, uniq_frances
D:14:     serial_park_central, hangedman_parallel_progression, uniq_roxanne
D:15:     hangedman_depths_entry_try_elsewhere_first, serial_shops,
          nicolae_shop_statue_plus, minmay_misc_feat_doors
Temple:   nicolae_temple_figure_zero
Depths:1: rand_demon_pan_entry_4, hell_entry, minivault_16,
          serial_sigils_hangedman_carve, kennysheep_donut,
          kennysheep_small_spiral, corner_web_ring, uniq_saint_roka,
          uniq_bai_suzhen
Depths:2: evilmike_negative_zone, enter_ziggurat_a, hell_entry,
          minmay_shop_grove, infiniplex_staircase_pool_lava,
          basic_stair_grate_trap
Lab:      labyrinth_spiral

Skill      XL: |  1  2  3  4  5  6  7  8  9 10 11 12 13 14 15 |
---------------+----------------------------------------------+-----
Conjurations   | 2 3 5 7 9 10 11 12 13 | 13.7
Fire Magic     | 4 5 6 8 9 10 11 12 13 14 | 14.7
Spellcasting   | 4 5 7 9 11 12 13 14 15 16 | 16.0
Shields        | 4 |  4.0
Fighting       | 4 7 8 9 |  9.2
Dodging        | 5 7 8 |  8.0
Transmutations | 4 7 8 |  8.7
Earth Magic    | 3 4 |  4.7
Stealth        | |  2.4

Action                   |  1- 3 |  4- 6 |  7- 9 | 10-12 | 13-15 || total
-------------------------+-------+-------+-------+-------+-------++-------
Melee: Dagger            |     6 |       |       |       |       ||     6
       Trident           |       |    18 |    82 |       |       ||   100
       Whip              |       |       |    41 |   134 |    73 ||   248
       Staff             |       |       |       |       |    15 ||    15
 Cast: Flame Tongue      |    66 |    95 |   142 |   221 |    55 ||   579
       Conjure Flame     |     1 |    10 |    14 |    23 |    27 ||    75
       Sticky Flame      |       |     1 |    26 |    65 |   109 ||   201
       Fireball          |       |     1 |    20 |   105 |   243 ||   369
       Blink             |       |       |       |     2 |     9 ||    11
       Throw Frost       |       |       |       |     2 |       ||     2
       Iskenderun's Myst |       |       |       |     9 |    34 ||    43
       Bolt of Cold      |       |       |       |       |    55 ||    55
       Sting             |       |       |       |       |     9 ||     9
       Borgnjor's Vile C |       |       |       |       |     6 ||     6
       Statue Form       |       |       |       |       |     1 ||     1
Evoke: Wand              |       |       |     1 |     8 |    52 ||    61
       Lamp of fire      |       |       |       |     1 |     2 ||     3
       Fan of gales      |       |       |       |       |     2 ||     2
  Use: Potion            |     1 |       |     1 |     1 |     9 ||    12
       Scroll            |       |     1 |       |    18 |    14 ||    33
 Stab: Paralysed         |       |       |       |       |     4 ||     4
  Eat: Chunk             |     1 |    10 |    13 |    26 |    19 ||    69
       Ration            |       |       |     2 |     3 |    12 ||    17
Armor: Robe              |     9 |     3 |    16 |     1 |       ||    29
       Troll leather arm |       |       |       |    15 |       ||    15
       Ring mail         |       |       |       |    24 |    40 ||    64
       Leather armour    |       |       |       |       |    22 ||    22
       Skin              |       |       |       |       |    17 ||    17
Dodge: Dodged            |    29 |    19 |   169 |   165 |   291 ||   673
Block: Buckler           |       |       |       |    47 |    54 ||   101

Table legend:
 A = Spawn XP
 B = Non-spawn XP
 C = Spawn XP percentage of total XP
 D = Spawn monster count
 E = Non-spawn monster count
 F = Spawn count percentage of total count
 G = Total turns spent on level
                    A         B        C        D         E        F      G
               +---------+---------+-------+---------+---------+-------+---------
         Total |       0 |  119783 |   0.0 |       0 |     505 |   0.0 | 34163
               +---------+---------+-------+---------+---------+-------+---------
           D:1 |       0 |      47 |   0.0 |       0 |      21 |   0.0 |  1126
           D:2 |       0 |     338 |   0.0 |       0 |      33 |   0.0 |  1336
           D:3 |       0 |      41 |   0.0 |       0 |      13 |   0.0 |   615
           D:4 |       0 |     153 |   0.0 |       0 |      13 |   0.0 |  1506
           D:5 |       0 |     733 |   0.0 |       0 |      11 |   0.0 |  1649
           D:6 |       0 |    1483 |   0.0 |       0 |      23 |   0.0 |  1492
           D:7 |       0 |    2843 |   0.0 |       0 |      25 |   0.0 |  1357
           D:8 |       0 |    1015 |   0.0 |       0 |      14 |   0.0 |  1299
           D:9 |       0 |    4487 |   0.0 |       0 |      53 |   0.0 |  1803
          D:10 |       0 |    4104 |   0.0 |       0 |      33 |   0.0 |  1161
          D:11 |       0 |    1392 |   0.0 |       0 |      19 |   0.0 |  1437
          D:12 |       0 |    6221 |   0.0 |       0 |      24 |   0.0 |  1263
          D:13 |       0 |   16151 |   0.0 |       0 |      48 |   0.0 |  2193
          D:14 |       0 |   15115 |   0.0 |       0 |      74 |   0.0 |  5606
          D:15 |       0 |   23993 |   0.0 |       0 |      44 |   0.0 |  4807
      Depths:1 |       0 |   28069 |   0.0 |       0 |      42 |   0.0 |  4301
      Depths:2 |       0 |   12337 |   0.0 |       0 |      14 |   0.0 |   420
           Lab |       0 |    1261 |   0.0 |       0 |       1 |   0.0 |   381
               +---------+---------+-------+---------+---------+-------+---------
